 Dungeon Crawl Stone Soup version 0.30.0-13-g156ef70053 (webtiles) character file.

Game seed: 16690256519905897853

177 browni3141 the Trooper (level 5, -6/47 HPs)
             Began as a Minotaur Fighter on May 17, 2023.
             Killed by divine providence
             ... invoked by an orc priest
              (9 damage)
             ... on level 4 of the Dungeon.
             The game lasted 00:00:37 (832 turns).

browni3141 the Trooper (Minotaur Fighter)            Turns: 832, Time: 00:00:37

Health: -6/47      AC:  7    Str: 20    XL:     5   Next: 31%
Magic:  4/4        EV: 10    Int:  5    God:
Gold:   32         SH:  5    Dex: 12    Spells: 4/4 levels left

rFire   . . .        a - +0 war axe
rCold   . . .        c - +0 buckler
rNeg    . . .        b - +0 scale mail
rPois   .            (helmet restricted)
rElec   .            (no cloak)
rCorr   .            (no gloves)
SInv    .            (no boots)
Will    .....        (no amulet) Stlth
                     (no ring)
HPRegen 0.27/turn    (no ring)
MPRegen 0.09/turn

%: no passive effects
@: no status effects
A: horns 2, retaliatory headbutt
a: no special abilities


You were on level 4 of the Dungeon.
You visited 1 branch of the dungeon, and saw 3 of its levels.

You collected 32 gold pieces.

Inventory:

Hand Weapons
 a - a +0 war axe (weapon)
Armour
 b - a +0 scale mail (worn)
 c - a +0 buckler (worn)
Jewellery
 N - a ring of wizardry
Scrolls
 O - 2 scrolls of teleportation {unknown}
 P - a scroll of immolation {unknown}
 R - 2 scrolls of identify {unknown}
 V - a scroll of silence {unknown}
Potions
 M - 2 potions of might
 Q - 2 potions of magic {unknown}
 S - a potion of mutation {unknown}
 T - a potion of lignification {unknown}
 U - a potion of curing {unknown}
 W - a potion of ambrosia {unknown}


   Skills:
 + Level 4.6 Fighting
 + Level 3.6 Axes
 + Level 4.5 Armour
 + Level 2.2 Dodging
 + Level 4.5 Shields


You had 4 spell levels left.
You didn't know any spells.
Your spell library was empty.

Dungeon Overview and Level Annotations

Branches:
Dungeon (2/15)

Altars:

Portals:
Ossuary: D:4


Innate Abilities, Weirdness & Mutations

You have a pair of horns on your head.
You reflexively headbutt those who attack you in melee.


Message History

U - a sapphire potion
V - a scroll labelled FIOL TEUCZEE No target in view!
No target in view!
No target in view!
A scorpion comes into view.
A scorpion is nearby!
You slash the scorpion!
The scorpion is severely wounded.
The scorpion barely misses you.
You closely miss the scorpion. You headbutt the scorpion.
The scorpion is almost dead.
The scorpion stings you. The scorpion closely misses you.
You closely miss the scorpion. You headbutt the scorpion.
You kill the scorpion!
Your Dodging skill increases to level 2!
No target in view!
No target in view!
Found a stone staircase leading up.
An iguana comes into view.
The iguana hisses angrily.
The iguana bites you.
You hit the iguana.
The iguana is moderately wounded.
The iguana barely misses you. The iguana bites you!
You hit the iguana.
You headbutt the iguana, but do no damage.
The iguana is severely wounded.
The iguana bites you but does no damage.
You barely miss the iguana.
The iguana is severely wounded.
You block the iguana's attack. The iguana bites you.
You slash the iguana!
You kill the iguana!
You have reached level 5!
W - a sedimented yellow potion You hear the slow hiss of an avalanche of sand very nearby.
You hear the slow hiss of an avalanche of sand very nearby.
HP restored.
An orc wizard comes into view. It is wielding a +0 dagger.
An orc wizard is nearby!
The orc wizard points at you and mumbles some strange words.
The puff of flame hits you!
You slash the orc wizard!
The orc wizard is heavily wounded.
The orc wizard points at you and mumbles some strange words.
The magic dart hits you but does no damage.
You closely miss the orc wizard.
The orc wizard is heavily wounded.
The orc wizard hits you but does no damage. x2
You slash the orc wizard! Your headbutt misses the orc wizard.
The orc wizard is almost dead.
The orc wizard closely misses you.
You hit the orc wizard.
You kill the orc wizard!
No target in view!
Found a sand-covered staircase.
Things that are here:
a +0 dagger; a +0 robe An orc wizard comes into view.
It is wielding a +0 dagger.
The orc wizard shouts!
You hear a shout!
An orc priest comes into view. It is wielding a +0 flail.
An orc comes into view. It is wielding a +0 club.
The orc priest shouts!
You open the door. You block the orc wizard's attack.
A goblin comes into view. It is wielding a +0 dagger.
The orc wizard attacks as you move away!
You block the orc wizard's attack.
The orc priest attacks as you move away!
The orc priest closely misses you.
You hit the orc wizard but do no damage.
You headbutt the orc wizard.
The orc wizard is heavily wounded.
The orc wizard casts a spell.
The orc wizard flickers and vanishes!
Deactivating autopickup; reactivate with Ctrl-A.
The orc priest closely misses you. Something hits you.
You hit the orc priest but do no damage.
You barely miss something. You block something's attack.
The orc priest mumbles some strange prayers to Beogh against you.
Beogh smites you!
You slash the orc priest!
The orc priest is severely wounded.
You hit something. Something hits you.
The orc priest hits you with a +0 flail.
You closely miss the orc priest.
The orc priest is severely wounded.
You miss something. You hit the orc. Something hits you.
The orc barely misses you.
The orc priest hits you with a +0 flail!
The orc priest hits you but does no damage.
The orc hits you with a +0 club. Something hits you but does no damage.
You hit the orc priest.
The orc priest is almost dead.
You barely miss the orc. You miss something. Something hits you.
The orc hits you with a +0 club.
The orc priest invokes the aid of Beogh against you.
Beogh smites you!
You die...

##### .∩. .... ...
..... #.# +#+# .... #.#
###.
........#..###@###.....
.............oo{...#
........#####...g.'.##
..#+#......##...).#.#
..#.................#
..#.................#
....................#
...........#........#
.......#...##...#####


You could see an orc priest, an orc and a goblin.

Vanquished Creatures
  A scorpion (D:4)
  A jelly (D:4)
  An iguana (D:4)
  An orc wizard (D:4)
  2 adders (D:4)
  4 bats
  An endoplasm (D:1)
  A giant cockroach (D:1)
  5 goblins
  A hobgoblin (D:1)
  4 jackals (D:1)
  A ball python (D:2)
  A frilled lizard (D:1)
  3 kobolds (D:1)
  4 rats (D:1)
31 creatures vanquished.

Notes
Turn   | Place    | Note
-------+----------+-------------------------------------------
     0 | D:1      | browni3141 the Minotaur Fighter began the quest for the
                  | Orb.
     0 | D:1      | Reached XP level 1. HP: 19/19 MP: 0/0
   154 | D:1      | Reached XP level 2. HP: 27/27 MP: 1/1
   668 | D:2      | You fall into a shaft and drop 2 floors!
   681 | D:4      | Reached XP level 3. HP: 33/33 MP: 2/2
   693 | D:4      | Reached skill level 3 in Axes
   709 | D:4      | Reached XP level 4. HP: 40/40 MP: 3/3
   730 | D:4      | Noticed a scorpion
   735 | D:4      | Killed a scorpion
   755 | D:4      | Reached XP level 5. HP: 31/47 MP: 4/4
   823 | D:4      | Found a sand-covered staircase.
   832 | D:4      | Killed from afar by an orc priest

Illustrated notes

Levels and vault maps discovered:
D:1:      mrwooster_arrival_statue_3, layout_loops_ring
D:2:      layout_basic
D:4:      layout_basic, enter_ossuary_4

Skill      XL: |  1  2  3  4 |
---------------+-------------+-----
Dodging        | 1 2 |  2.2
Fighting       | 4 |  4.6
Armour         | 4 |  4.5
Shields        | 4 |  4.5
Axes           | 3 |  3.6

Action                     |  1- 3 |  4- 6 || total
---------------------------+-------+-------++-------
  Melee: War axe           |    62 |    16 ||    78
         Headbutt          |     7 |     4 ||    11
 Armour: Scale mail        |    33 |     6 ||    39
  Dodge: Dodged            |    37 |     7 ||    44
  Block: Buckler           |    13 |     4 ||    17
